 Dungeon Sprint DCSS version 0.14-a0-2592-g262d02f (webtiles) character file.

2 BluebellGnoll the Magician (level 1, -2/10 HPs)
             Began as a Deep Elf Fire Elementalist on Feb 12, 2014.
             Was an Initiate of Sif Muna.
             Slain by an adder (5 damage)
             ... in the Dungeon (Sprint VII: "The Pits").
             The game lasted 00:01:03 (213 turns).

BluebellGnoll the Magician (DEFE)                    Turns: 213, Time: 00:01:03

HP  -2/10        AC  2     Str  5      XL: 1   Next: 33%
MP   4/7         EV 13     Int 19      God: Sif Muna [......]
Gold 0           SH  0     Dex 15      Spells:  1 memorised,  8 levels left

rFire  . . .     SeeInvis .     j - +2 elf dagger
rCold  . . .     Clarity  .     a - +0 elf robe
rNeg   . . .     Conserve .     (no shield)
rPois  .         rCorr    .     (no helmet)
rElec  .         rRot     .     (no cloak)
SustAb . .       Spirit   .     (no gloves)
rMut   .         Warding  .     (no boots)
Saprov . . .     NoTele   +     (no amulet)
MR     .....                    (no ring)
                                (no ring)

@: mildly poisoned, very slightly contaminated, not resistant to hostile
enchantments, fairly stealthy
A: no striking features
a: Renounce Religion


You were in the Dungeon.
You worshipped Sif Muna.
Sif Muna was noncommittal.
You were not hungry.

You visited 1 branch

Inventory:

Hand weapons
 j - a +2,+2 elven dagger (weapon)
Armour
 a - a +0 elven robe (worn)
Comestibles
 c - a bread ration
Scrolls
 i - a scroll of blinking
 k - 2 scrolls of vulnerability
 l - 3 scrolls of remove curse
 m - 5 scrolls of amnesia
 n - a scroll of summoning
Potions
 d - a potion of curing
 e - a potion of heal wounds
 f - a potion of speed
 g - 4 potions of magic
 h - 3 potions of berserk rage
 o - 2 potions of invisibility
Books
 b - a book of Flames

   Spells                             Type                      Level
   *Flame Tongue                      Conjuration/Fire             1
   Throw Flame                        Conjuration/Fire             2
   Conjure Flame                      Conjuration/Fire             3
   Inner Flame                        Hexes/Fire                   3
   Sticky Flame                       Conjuration/Fire             4
   Fireball                           Conjuration/Fire             5


   Skills:
 - Level 2.4 Dodging
 - Level 2.4 Stealth
 + Level 4.7 Spellcasting
 - Level 1.1 Conjurations
 - Level 3.2 Fire Magic


You had 8 spell levels left.
You knew the following spells:

 Your Spells              Type           Power        Failure   Level  Hunger
a - Flame Tongue          Conj/Fire      ##...        8%          1    None


Dungeon Overview and Level Annotations

Branches:
Dungeon (1/1)

Altars:
Ashenzari
Cheibriados
Dithmenos
Elyvilon
Fedhas
Kikubaaqudgha
Makhleb
Nemelex Xobeh
Okawaru
Sif Muna
Trog
Vehumet
Xom
Yredelemnul
Zin
The Shining One
Beogh
Jiyva
Lugonu


Message History

Confirm with . or Enter, or press ? or * to list all spells.
Aiming: Flame Tongue
Press: ? - help, Shift-Dir - straight line, f/p - quokka
Aim: a quokka You miscast Flame Tongue.
You are very lightly contaminated with residual magic.
Nothing appears to happen.
The adder bites you.
You are poisoned.
The adder poisons you! The adder bites you.
* * * LOW HITPOINT WARNING * * *
Casting: Flame Tongue
Confirm with . or Enter, or press ? or * to list all spells.
Aiming: Flame Tongue
Press: ? - help, Shift-Dir - straight line, f/p - quokka
Aim: a quokka The flame hits the adder.
The adder is severely wounded.
The adder bites you.
Ouch! That really hurt!
You die...

#_____.____#
#######'#############
#.))..'.'%.##.........
#.))).#.#.(##......#..#
#######'#####..........
#...........%..........
#+#####%#####......#..#
#..#..# #..........
#.rS@.# ####'#####+
#..#### #.......# #..
#.......# #. #.......#
## #...<...# #.......#
#.......# #.......#
#########


You could see an adder and a quokka.

Vanquished Creatures
  A bat (D)
  A giant newt (D)
  A kobold zombie (D)
3 creatures vanquished.

Vanquished Creatures (others)
  A hellephant (D)
  Louise (D)
  A black draconian (D)
  A blizzard demon (D)
  An ice dragon (D)
  A yaktaur (D)
6 creatures vanquished.

Grand Total: 9 creatures vanquished

Notes
Turn   | Place    | Note
--------------------------------------------------------------
     0 | D        | BluebellGnoll, the Deep Elf Fire Elementalist, began the quest for the Orb.
     0 | D        | Reached XP level 1. HP: 10/10 MP: 5/5
     3 | D        | Killed a yaktaur
     4 | D        | Killed a blizzard demon
     7 | D        | Killed an ice dragon
    10 | D        | Reached skill level 4 in Spellcasting
    14 | D        | Killed Louise
    16 | D        | Killed a black draconian
    28 | D        | Found a shadowy altar of Dithmenos.
    28 | D        | Found a basalt altar of Yredelemnul.
    28 | D        | Found a glowing golden altar of the Shining One.
    28 | D        | Found a deep blue altar of Sif Muna.
    28 | D        | Found a burning altar of Makhleb.
    28 | D        | Found an ancient bone altar of Kikubaaqudgha.
    28 | D        | Found a glowing silver altar of Zin.
    29 | D        | Found a bloodstained altar of Trog.
    29 | D        | Found a shattered altar of Ashenzari.
    29 | D        | Found a white marble altar of Elyvilon.
    29 | D        | Found a snail-covered altar of Cheibriados.
    29 | D        | Found a blossoming altar of Fedhas.
    29 | D        | Found a radiant altar of Vehumet.
    29 | D        | Found a shimmering altar of Xom.
    29 | D        | Found a sparkling altar of Nemelex Xobeh.
    29 | D        | Found a corrupted altar of Lugonu.
    29 | D        | Found a viscous altar of Jiyva.
    29 | D        | Found a roughly hewn altar of Beogh.
    29 | D        | Found an iron altar of Okawaru.
    31 | D        | Killed a hellephant
    32 | D        | Became a worshipper of Sif Muna the Loreminder
   213 | D        | Slain by an adder

Action                   || total
-------------------------++-------
 Cast: Flame Tongue      ||     8
